 Dungeon Crawl Stone Soup version 0.27-a0-1071-ga85bd9520d (webtiles) character file.

Game seed: 2943646550465983788

187 funkygono the Firebug (level 5, -1/28 HPs)
             Began as a Gargoyle Fire Elementalist on Apr 25, 2021.
             Slain by a hound (3 damage)
             ... on level 2 of the Dungeon.
             The game lasted 00:08:10 (3983 turns).

funkygono the Firebug (Gargoyle Fire Elementalist)  Turns: 3983, Time: 00:08:11

Health: -1/28      AC:  7    Str: 12    XL:     5   Next: 66%
Magic:  10/10      EV: 12    Int: 16    God:
Gold:   1283       SH:  0    Dex: 10    Spells: 2/10 levels left

rFire    . . .     SeeInvis .   f - +0 whip (freeze)
rCold    . . .     Faith    .   (no shield)
rNeg     + . .     Spirit   .   a - +0 robe
rPois    ∞         Reflect  .   j - +0 helmet
rElec    +         Harm     .   (no cloak)
rCorr    .         Rampage  .   (no gloves)
Will     .....                  (no boots)
Stlth    ++........             (no amulet)
HPRegen  0.09/turn              (no ring)
MPRegen  0.12/turn              (no ring)

@: no status effects
A: AC +4, negative energy resistance 1, electricity resistance, torment
resistance 1, unbreathing 1, petrification resistance
a: no special abilities


You were on level 2 of the Dungeon.
You visited 1 branch of the dungeon, and saw 3 of its levels.

You collected 1283 gold pieces.

Inventory:

Hand Weapons
 d - a +0 dagger
 f - a +0 whip of freezing (weapon)
Missiles
 k - a throwing net
 m - 48 stones
Armour
 a - a +0 robe (worn)
 c - a +0 buckler
 j - a +0 helmet (worn)
Jewellery
 l - a ring of protection from fire
Scrolls
 e - a scroll of identify
 h - 2 scrolls of teleportation
 i - 2 scrolls of fear
 n - a scroll of enchant armour {unknown}
Potions
 b - a potion of flight
 g - a potion of lignification {unknown}


   Skills:
 + Level 0.1 Fighting
 + Level 1.7 Dodging
 - Level 2.1 Stealth
 * Level 3.3 Spellcasting
 * Level 3.1 Conjurations
 * Level 4.3 Fire Magic


You had 2 spell levels left.
You knew the following spells:

 Your Spells              Type           Power      Damage    Failure   Level
a - Foxfire               Conj/Fire      56%        2x1d6     3%          1
b - Conjure Flame         Conj/Fire      14%        6-21      12%         3
c - Sticky Flame          Conj/Fire      14%        2d4       36%         4

Your spell library contained the following spells:

 Spells                   Type           Power      Damage    Failure   Level
 Inner Flame              Hex/Fire       9%         N/A       22%         3
 Fireball                 Conj/Fire      7%         3d5       71%         5


Dungeon Overview and Level Annotations

Branches:
Dungeon (3/15)

Altars:

Shops:
D:2 *

Annotations:
D:3 Terence


Innate Abilities, Weirdness & Mutations

Your stone body is resilient. (AC +4)
You are immune to poison.
You resist negative energy. (rN+)
You are resistant to electric shocks. (rElec)
You are resistant to unholy torment.
You can survive without breathing.
You are immune to petrification.


Message History

The hound bites you but does no damage. The hound bites you.
* * * LOW HITPOINT WARNING * * *
The hound barely misses you. The hound bites you but does no damage.
Your magical contamination has completely faded away.
The hound bites you but does no damage. The hound closely misses you.
The hound stops to sniff the ground.
The hound completely misses you. The hound barely misses you.
The hound misses you. The hound barely misses you. The hound barely misses you.
The hound barely misses you. The hound closely misses you.
The hound bites you but does no damage. The hound bites you but does no damage.
The hound closely misses you. The hound barely misses you.
The hound bites you but does no damage. The hound barely misses you.
The hound barely misses you. The hound barely misses you.
The hound closely misses you. The hound bites you but does no damage.
You are starting to lose your buoyancy.
The hound closely misses you. The hound bites you but does no damage.
The hound closely misses you. The hound bites you.
* * * LOW HITPOINT WARNING * * *
The hound stops to sniff the ground.
The hound completely misses you.
You float gracefully downwards.
The hound bites you.
* * * LOW HITPOINT WARNING * * *
The hound bites you.
* * * LOW HITPOINT WARNING * * *
The hound bites you.
You die...

..)..................#
.......##..#..##..##.###
.......#.....###.###...###
.......#..#..# #.# ###...##
.......#..#).# #.# ###..### ##
########..#..###.# ##...# #.
#####..#...##.# ###.# #.
#......#.#..#h# #)####.
#.##.##..##..@# #..<...
##.##.#..##...## ###....
###..##...###...#############..).
....#########.#...............###
..### #........###########)## #
..# ##.###.##.### #...# #
..######..##..##...# #####...# #
.........###.#####.###......## #
..######## #.#####...).####.#


You could see a hound.

Vanquished Creatures
  10 gnolls (D:2)
  4 adders
  3 dart slugs (D:2)
  An orc (D:3)
  6 ball pythons
  4 endoplasms
  A giant cockroach (D:2)
  5 goblins
  4 hobgoblins
  7 jackals
  2 quokkas (D:1)
  2 frilled lizards
  3 kobolds
  A rat (D:2)
53 creatures vanquished.

Vanquished Creatures (others)
  188 foxfires
188 creatures vanquished.

Grand Total: 241 creatures vanquished

Notes
Turn   | Place    | Note
-------+----------+-------------------------------------------
     0 | D:1      | funkygono the Gargoyle Fire Elementalist began the quest
                  | for the Orb.
     0 | D:1      | Reached XP level 1. HP: 10/10 MP: 3/3
   129 | D:1      | Reached XP level 2. HP: 15/15 MP: 1/5
  1042 | D:2      | Reached XP level 3. HP: 19/19 MP: 2/6
  1046 | D:2      | Learned a level 3 spell: Conjure Flame
  1121 | D:2      | Found Liaris's Assorted Antiques.
  1583 | D:2      | Reached skill level 4 in Fire Magic
  1583 | D:2      | Reached XP level 4. HP: 22/24 MP: 1/7
  2157 | D:2      | Reached XP level 5. HP: 28/28 MP: 2/9
  2474 | D:1      | Identified a scroll of acquirement
  2474 | D:1      | Acquired 1193 gold pieces
  2947 | D:2      | Learned a level 4 spell: Sticky Flame
  3069 | D:3      | Noticed an orc warrior
  3077 | D:3      | Noticed Terence
  3983 | D:2      | Slain by a hound

Illustrated notes

Levels and vault maps discovered:
D:1:      lemuel_arrival_lava_pool, layout_basic
D:2:      cheibrodos_helix_gallery, layout_rooms, serial_shops,
          nicolae_shop_overgrown_old_shop
D:3:      layout_loops_ring, uniq_terence

Skill      XL: |  1  2  3  4  5 |
---------------+----------------+-----
Fire Magic     | 4 |  4.3
Conjurations   | 2 3 |  3.1
Spellcasting   | 3 |  3.3
Fighting       | |  0.1
Dodging        | |  1.7
Stealth        | |  2.1

Action                   |  1- 3 |  4- 6 || total
-------------------------+-------+-------++-------
Melee: Whip              |     8 |    17 ||    25
 Cast: Foxfire           |    53 |    56 ||   109
       Sticky Flame      |       |     1 ||     1
  Use: Scroll            |     4 |     3 ||     7
       Potion            |       |     1 ||     1
Armor: Robe              |     5 |    22 ||    27
Dodge: Dodged            |    13 |    53 ||    66

Table legend: (Time is in decaauts)
 A = Elapsed time spent in this place.
 B = Non-inter-level travel time spent in this place.
 C = Inter-level travel time spent in this place.
 D = Time resting spent in this place.
 E = Time spent auto-exploring this place.
 F = Levels seen in this place.
 G = Mean time per level.
                   A        B        C        D        E       F      G
               +--------+--------+--------+--------+--------+-----+--------+
         Total |   3992 |   3901 |     91 |   1045 |   2073 |   3 | 1330.7 |
       Dungeon |   3992 |   3901 |     91 |   1045 |   2073 |   3 | 1330.7 |
               +--------+--------+--------+--------+--------+-----+--------+

Top non-repeatable levels by time:
     D:2: 2099 daAuts
     D:1: 1519 daAuts
     D:3: 373 daAuts
